 Dungeon Crawl Stone Soup version 0.28-a0-773-g130ae17fe5 (webtiles) character file.

Game seed: 12491208403807732899

44 pokeman the Magician (level 3, -5/20 HPs)
             Began as a Deep Elf Hedge Wizard on Nov 1, 2021.
             Killed by miscasting Mephitic Cloud (8 damage)
             ... on level 1 of the Dungeon.
             The game lasted 00:02:25 (1569 turns).

pokeman the Magician (Deep Elf Hedge Wizard)        Turns: 1569, Time: 00:02:25

Health: -5/20      AC:  3    Str:  7    XL:     3   Next: 41%
Magic:  2/11       EV: 11    Int: 19    God:
Gold:   30         SH:  3    Dex: 14    Spells: 1/12 levels left

rFire   . . .      SeeInvis .   k - +2 short sword (venom)
rCold   . . .      Faith    .   l - +0 buckler
rNeg    . . .      Spirit   .   j - +0 leather armour
rPois   .          Reflect  .   c - +0 hat
rElec   .          Harm     .   (no cloak)
rCorr   .          Rampage  .   (no gloves)
Will    .....                   (no boots)
Stlth   ++........              (no amulet)
HPRegen 0.06/turn               (no ring)
MPRegen 0.12/turn               (no ring)

@: lethally poisoned (-5 -> -11), on blink cooldown, very slightly contaminated
A: no striking features
a: no special abilities


You were on level 1 of the Dungeon.
You visited 1 branch of the dungeon, and saw 2 of its levels.

You collected 30 gold pieces.

Inventory:

Hand Weapons
 a - a +2 dagger of pain
 k - a +2 short sword of venom (weapon)
Missiles
 b - 10 bolts
 g - 20 arrows
Armour
 c - a +0 hat (worn)
 j - a +0 leather armour (worn)
 l - a +0 buckler (worn)
Scrolls
 d - a scroll of fog {unknown}
 f - a scroll of enchant armour {unknown}
 i - a scroll of brand weapon {unknown}
Potions
 e - a potion of heal wounds {unknown}
 h - 2 potions of cancellation {unknown}


   Skills:
 + Level 0.9 Fighting
 + Level 0.9 Armour
 - Level 2.4 Dodging
 - Level 2.4 Stealth
 * Level 5.2 Spellcasting
 + Level 1.9 Conjurations
 - Level 1.1 Summonings
 - Level 1.1 Translocations


You had one spell level left.
You knew the following spells:

 Your Spells              Type           Power      Damage    Failure   Level
a - Magic Dart            Conj           48%        1d5       13%         1
b - Mephitic Cloud        Conj/Pois/Air  7%         N/A       56%         3
c - Call Imp              Summ           9%         N/A       28%         2
d - Blink                 Tloc           18%        N/A       28%         2
e - Conjure Flame         Conj/Fire      8%         6-21      52%         3

Your spell library contained the following spells:

 Spells                   Type           Power      Damage    Failure   Level
 Slow                     Hex            16%        N/A       30%         1


Dungeon Overview and Level Annotations

Branches:
Dungeon (2/15)

Altars:


Message History

The stone hits you but does no damage.
Casting: Magic Dart (safe; 13% risk of failure)
Confirm with . or Enter, or press ? or * to list all spells.
Aiming: Magic Dart (safe; 13% risk of failure)
Press: ? - help, Shift-Dir - straight line, f/p - adder
Aim: an adder (lightly wounded, 100% to hit)
The magic dart hits the adder but does no damage.
The adder is lightly wounded.
You feel sick. The adder bites you.
An endoplasm comes into view.
Casting: Magic Dart (safe; 13% risk of failure)
Confirm with . or Enter, or press ? or * to list all spells.
Aiming: Magic Dart (safe; 13% risk of failure)
Press: ? - help, Shift-Dir - straight line, f/p - adder
Aim: an adder (lightly wounded, 100% to hit)
The magic dart hits the adder.
The adder is moderately wounded.
You feel sick. The adder closely misses you. The adder barely misses you.
Unknown command.
You feel sick. The adder bites you but does no damage.
You climb upwards.
* * * LOW HITPOINT WARNING * * *
You feel sick.
There is a stone staircase leading down here.
Unknown command.
Unknown command.
Casting: Magic Dart (safe; 13% risk of failure)
Confirm with . or Enter, or press ? or * to list all spells.
The spell is quite dangerous to cast (28% risk of failure)!
Continue anyway?
You blink.
You feel sick.
Casting: Blink (quite dangerous; 28% risk of failure)
Confirm with . or Enter, or press ? or * to list all spells.
The spell is potentially lethal to cast (56% risk of failure)!
Continue anyway?
Aiming: Mephitic Cloud (potentially lethal; 56% risk of failure)
Press: ? - help, Shift-Dir - straight line, f - adder
Aim: an adder (moderately wounded, chance to affect: 91%) That beam is likely to hit you.
Continue anyway?
You miscast Mephitic Cloud.
You feel odd!
You are lethally poisoned!
You die...

#..####### #.# #..# ##### #.#
##..#####...## #.#
#######............# #.#
≈≈≈≈≈≈≈...##.......#####.###
......#....[...............######
......#.#..........#.####........
.....##.####.......#>####......#.
........####....@..#.##..........
..####....(..§.S...#.##.#......#.
≈.# #.#######...###.##.#........
..####.## #...# #.......###.##
..).....# #...# ####.#.## #...
........######...######.#.####.#.
≈#..#.......................##.#.
.#......................#.#.##...
............[...........#.#.####.


You could see an adder.

Vanquished Creatures
  3 dart slugs
  4 ball pythons (D:1)
  2 bats (D:1)
  4 endoplasms (D:1)
  A giant cockroach (D:1)
  4 goblins (D:1)
  4 hobgoblins (D:1)
  5 quokkas (D:1)
  3 kobolds (D:1)
  2 rats (D:1)
32 creatures vanquished.

Vanquished Creatures (others)
  4 toadstools (D:1)
4 creatures vanquished.

Grand Total: 36 creatures vanquished

Notes
Turn   | Place    | Note
-------+----------+-------------------------------------------
     0 | D:1      | pokeman the Deep Elf Hedge Wizard began the quest for the
                  | Orb.
     0 | D:1      | Reached XP level 1. HP: 10/10 MP: 7/7
   457 | D:1      | Reached XP level 2. HP: 16/16 MP: 3/9
   898 | D:1      | Reached skill level 5 in Spellcasting
   996 | D:1      | Found a faded altar of an unknown god.
  1004 | D:1      | Reached XP level 3. HP: 15/20 MP: 4/11
  1008 | D:1      | Learned a level 3 spell: Mephitic Cloud
  1011 | D:1      | Learned a level 2 spell: Call Imp
  1014 | D:1      | Learned a level 2 spell: Blink
  1018 | D:1      | Learned a level 3 spell: Conjure Flame
  1569 | D:1      | Killed by miscasting Mephitic Cloud

Illustrated notes

Levels and vault maps discovered:
D:1:      ldierk_water_garden, layout_loops_cross,
          ebering_ecumenical_altar_sacrificial, chequers_serial_rivers_micro_e
D:2:      layout_basic, serial_shops, shop, uniq_robin

Skill      XL: |  1  2 |
---------------+-------+-----
Spellcasting   | 5 |  5.2
Fighting       | |  0.9
Armour         | |  0.9
Dodging        | |  2.4
Stealth        | |  2.4
Conjurations   | |  1.9
Summonings     | |  1.1
Translocations | |  1.1

Action                   || total
-------------------------++-------
Melee: Dagger            ||     3
       Short sword       ||     1
 Cast: Magic Dart        ||    80
       Blink             ||     1
Armor: Robe              ||     1
       Leather armour    ||     6
Dodge: Dodged            ||    16

Table legend: (Time is in decaauts)
 A = Elapsed time spent in this place.
 B = Non-inter-level travel time spent in this place.
 C = Inter-level travel time spent in this place.
 D = Time resting spent in this place.
 E = Time spent auto-exploring this place.
 F = Levels seen in this place.
 G = Mean time per level.
                   A        B        C        D        E       F      G
               +--------+--------+--------+--------+--------+-----+--------+
         Total |   1570 |   1546 |     24 |      0 |   1334 |   2 |  785.0 |
       Dungeon |   1570 |   1546 |     24 |      0 |   1334 |   2 |  785.0 |
               +--------+--------+--------+--------+--------+-----+--------+

Top non-repeatable levels by time:
     D:1: 1562 daAuts
     D:2: 7 daAuts
